 Dungeon Crawl Stone Soup version 0.14-a0-155-gd989017 (webtiles) character file.

89 Malachi the Skirmisher (level 3, 0/32 (33) HPs)
             Began as a Ghoul Fighter on Oct 5, 2013.
             Slain by Sigmund
             ... wielding a +2,+2 scythe of venom
              (8 damage)
             ... on Level 2 of the Dungeon.
             The game lasted 00:01:46 (1073 turns).

Malachi the Skirmisher (Ghoul Fighter)              Turns: 1073, Time: 00:01:46

HP   0/32 (33)   AC  6     Str 19      XL: 3   Next: 18%
MP   2/2         EV  4     Int  4      God:
Gold 59          SH 26     Dex  8      Spells:  0 memorised,  2 levels left

Res.Fire  : . . .   See Invis. : .   a - +0 mace
Res.Cold  : + . .   Warding    : .   b - +0 scale mail
Life Prot.: + + +   Conserve   : .   j - +0 large shield
Res.Poison: +       Res.Corr.  : .   (no helmet)
Res.Elec. : .       Clarity    : .   (no cloak)
Sust.Abil.: . .     Spirit.Shd : .   (no gloves)
Res.Mut.  : .       Stasis     : .   (no boots)
Res.Rott. : +       Flight     : .   (no amulet)
Saprovore : + + +                    (no ring)
                                     (no ring)

@: rotting, not resistant to hostile enchantments, extremely unstealthy
A: rotting body, claws 1, carnivore 3, cold resistance 1, life protection 3,
poison resistance, saprovore 3, slow healing 1, torment resistance, unbreathing
a: no special abilities


You were on level 2 of the Dungeon.
You were not hungry.

You visited 1 branch of the dungeon, and saw 2 of its levels.

You collected 39 gold pieces.

Inventory:

Hand weapons
 a - a +0,+0 mace (weapon)
Armour
 b - a +0 scale mail (worn)
 c - a +0 shield
 j - a +0 large shield (worn)
Comestibles
 f - a chunk of kobold flesh
 m - a chunk of hobgoblin flesh
Scrolls
 e - 2 scrolls of remove curse {unknown}
 g - 4 scrolls of identify {unknown}
 i - a scroll of recharging {unknown}
 k - a scroll of teleportation {unknown}
 l - a scroll of blinking {unknown}
 n - 2 scrolls of magic mapping {unknown}
Jewellery
 d - an uncursed ring of sustenance {unknown}
Potions
 h - 2 potions of speed {unknown}


   Skills:
 + Level 3.4 Fighting
 * Level 2.0 Maces & Flails
 + Level 2.8 Armour
 + Level 0.5 Dodging
 * Level 3.3 Shields


You had 2 spell levels left.
You didn't know any spells.

Dungeon Overview and Level Annotations

Branches:
Dungeon (2/27)

Altars:

Annotations:
D:2 Sigmund


Innate Abilities, Weirdness & Mutations

Your body is rotting away.
You have sharp fingernails.
You are carnivorous and can eat meat at any time.
Your flesh is cold resistant.
You are immune to negative energy.
Your system is resistant to poisons.
You thrive on rotten meat.
You heal slowly.
You are immune to unholy pain and torment.
You can survive without breathing.


Message History

The adder bites you.
You thump the adder!
The adder is heavily wounded.
The adder bites you but does no damage. It hits you.
You thump the adder!
The adder is almost dead.
The adder bites you.
* * * LOW HITPOINT WARNING * * *
You block the adder's attack. It completely misses you.
You block the adder's attack.
You are too injured to fight recklessly!
You are too injured to fight recklessly!
You hit the adder.
You kill the adder!
You have reached level 3!
Your experience leads to an increase in your attributes!
Increase (S)trength, (I)ntelligence, or (D)exterity?
You feel clever. It hits you!
You die...

## #. #.####### .
###....... ... ...
.......( ..... #[.....
#.....#..... #......###
#...........
#......##.###...##.#
#......##.......@%.#...
#......##...............#
#......##...............
#......##...........###.
....................#
..........#.##........
..........#.#######.##
..........#..........
#........>..........


There were no monsters in sight!

Vanquished Creatures
  An adder (D:2)
  2 giant cockroaches (D:1)
  2 goblins (D:1)
  4 hobgoblins
  2 jackals (D:1)
  2 kobolds
  4 bats (D:1)
17 creatures vanquished.

Notes
Turn   | Place    | Note
--------------------------------------------------------------
     0 | D:1      | Malachi, the Ghoul Fighter, began the quest for the Orb.
     0 | D:1      | Reached XP level 1. HP: 19/19 MP: 0/0
   459 | D:1      | Reached XP level 2. HP: 24/26 MP: 1/1
  1065 | D:2      | Noticed Sigmund
  1073 | D:2      | Reached XP level 3. HP: 8/32 MP: 2/2
  1073 | D:2      | Slain by Sigmund

Action                   || total
-------------------------++-------
Melee: Mace              ||    54
